Map: Acid Plant LE

Players

DeBugs - Winner!

  • Race: Zerg Zerg
  • League: Platinum
  • Spawn Location: 5:00

ILIEKEGGPIE

  • Race: Protoss Protoss
  • League: Platinum
  • Spawn Location: 11:00

VOD

Have the link to the VOD?

Description

Time

  • Played on: May 22, 2018, 12:38 p.m.
  • Length: 4:26
Show
View Real Time Build Order
Export as new Build Order

DeBugs Zerg - Winner!

Build Orders: Hatch First 

Get SALT Encoding   

  12  0:01  Drone  
  13  0:08  Drone  
  14  0:16  Overlord  
  14  0:35  Drone x3  
  17  0:53  Hatchery  
  17  0:55  Drone  
  17  1:01  Drone, Extractor  
  17  1:11  Drone  
  18  1:19  Spawning Pool  
  18  1:23  Drone  
  18  1:30  Drone  
  19  1:40  Overlord  
  19  1:50  Drone  
  20  2:01  Drone  
  20  2:05  Drone  
  20  2:07  Queen x2  
  26  2:12  Metabolic Boost  
  27  2:15  Drone  
  27  2:32  Zergling x6  
  27  2:35  Zergling x2  
  31  2:44  Spine Crawler  
  31  2:45  Spine Crawler, Zergling x4  
  32  2:51  Zergling x2  
  32  2:55  Zergling x2  
  33  3:10  Zergling x6  
  31  3:22  Zergling x4  
  29  3:42  Zergling x12  
  35  3:53  Zergling x2  
  35  3:54  Overlord  
  36  4:07  Hatchery  
Show
View Real Time Build Order
Export as new Build Order

ILIEKEGGPIE Protoss 

Build Orders:  

Get SALT Encoding   

  12  0:01  Probe  
  13  0:13  Probe  
  14  0:19  Pylon  
  14  0:23  Probe  
  15  0:33  Probe  
  16  0:43  Probe  
  16  0:44  Gateway  
  17  0:50  Assimilator  
  17  0:55  Probe  
  18  1:07  Probe  
  19  1:16  Probe  
  19  1:24  Assimilator, Probe  
  20  1:32  Cybernetics Core  
  21  1:34  Probe  
  22  1:41  Pylon  
  22  1:46  Probe  
  23  2:00  Forge  
  23  2:01  Gateway  
  23  2:06  Warp Gate  
  23  2:11  Shield Battery  
  23  2:13  Zealot  
  25  2:26  Pylon  
  25  2:36  Photon Cannon  
  25  2:41  Stalker  
  25  2:42  Pylon  
  25  2:45  Robotics Facility  
  26  3:34  Immortal  
  30  3:44  Zealot  
Tags
 
Matchup
PvZ
Replay Pack
Multi
Spawn Locations
Cross Positions
Add a new tag
Caveats
  • Supply blocks, unpowered buildings, or Contaminate may cause inaccurate times.
  • Supply counts are checked every 10 seconds.